AoeStats
← TheHoaN

Arena

509917135Analyzed
4v4 RM · 3d ago on Sep 28, 2026· 46m 11s· 8 players
Game mode
Random Map
Map size
Large (8 player)
Population
200
Speed
Normal
Resources
Standard
Victory
Conquest
Starting age
Dark Age
Ending age
Imperial Age
RankedLock teamsTeams togetherTeam positionsShared explorationLock speedFull tech treeHidden civsTurbo modeCheats
Victory
Defeat
🇲🇲 Magyars · Myanmar (Burma)
1194
+16
🇺🇸 Britons · United States
1183
+16
🇹🇼 Varangians · Taiwan
1177
+16
🇹🇷 Burmese · Türkiye
1143
+18
🇩🇪 Dravidians · Germany
1200
-17
🇷🇺 Mongols · Russia
1199
-17
🇫🇷 Persians · France
1175
-16
🇸🇪 Byzantines · Sweden
1168
-16
TheHoaN
17:43 Loom
20:18 Feudal Age
21:27 Double-Bit Axe
23:34 Wheelbarrow
25:20 Stone Mining
28:42 Horse Collar
30:21 Gold Mining
33:23 Castle Age
31:49 Scale Barding Armor
32:10 Forging
33:43 Light Cavalry
34:48 Bow Saw
35:04 Husbandry
37:32 Chain Barding Armor
37:56 Wheelbarrow
39:20 Iron Casting
Panzarx
11:30 Feudal Age
13:26 Loom
15:44 Castle Age
14:06 Double-Bit Axe
14:21 Horse Collar
17:22 Bow Saw
23:52 Wheelbarrow
23:20 Gold Mining
28:57 Imperial Age
26:19 Fletching
26:29 Padded Archer Armor
26:29 Stone Mining
27:21 Hand Cart
26:55 Town Watch
27:24 Heavy Plow
27:42 Bodkin Arrow
29:08 Ballistics
29:06 Thumb Ring
29:21 Leather Archer Armor
29:20 Medical Corps
31:17 Chemistry
30:24 Elite Elephant Archer
31:06 Husbandry
31:32 Bracer
32:12 Ring Archer Armor
32:55 Conscription
32:13 Light Cavalry
33:00 Scale Barding Armor
33:06 Forging
33:19 Elite Skirmisher
34:41 Wootz Steel
35:59 Chain Barding Armor
36:40 Iron Casting
36:01 Murder Holes
36:17 Masonry
37:09 Two-Man Saw
37:23 Hoardings
39:07 Blast Furnace
38:33 Town Patrol
39:25 Fortified Wall
41:27 Siege Elephant
Rhino
10:01 Feudal Age
10:32 Double-Bit Axe
11:01 Horse Collar
15:51 Castle Age
14:15 Stone Mining
16:58 Bow Saw
17:58 Forging
18:26 Loom
19:18 Wheelbarrow
22:07 Heavy Plow
22:30 Gold Mining
24:11 Hand Cart
25:11 Town Watch
25:39 Fletching
26:35 Gold Shaft Mining
29:42 Imperial Age
27:24 Scale Barding Armor
27:42 Thumb Ring
27:57 Bodkin Arrow
28:18 Husbandry
28:28 Bloodlines
28:45 Ballistics
29:15 Iron Casting
29:28 Stone Shaft Mining
29:23 Chain Barding Armor
29:24 Murder Holes
31:56 Bracer
32:58 Blast Furnace
33:34 Conscription
34:26 Chemistry
35:11 Light Cavalry
39:07 Elite Mangudai
40:46 Town Patrol
41:27 Hussar
alexggg56
8:47 Loom
11:26 Feudal Age
15:49 Castle Age
14:16 Double-Bit Axe
14:17 Horse Collar
17:08 Bow Saw
22:56 Wheelbarrow
AB8
10:43 Feudal Age
11:16 Loom
14:51 Castle Age
13:52 Double-Bit Axe
13:48 Horse Collar
16:14 Bow Saw
16:05 Heavy Plow
18:26 Loom
23:16 Wheelbarrow
23:36 Gold Mining
24:39 Hand Cart
29:43 Imperial Age
27:47 Scale Mail Armor
28:10 Ballistics
28:01 Masonry
29:26 Forging
29:11 Stone Mining
29:29 Squires
29:15 Arson
29:23 Fletching
30:22 Chain Mail Armor
31:16 Iron Casting
31:44 Chemistry
31:02 Bodkin Arrow
31:41 Architecture
33:14 Conscription
34:04 Plate Mail Armor
34:35 Blast Furnace
34:03 Conscription
33:04 Gothikon
33:51 Town Watch
33:58 Elite Varangian Guard
34:54 Bracer
35:01 Scale Barding Armor
36:32 Chain Barding Armor
37:39 Stone Shaft Mining
37:51 Plate Barding Armor
37:17 Padded Archer Armor
38:35 Siege Engineers
38:26 Murder Holes
38:43 Fortified Wall
42:03 Capped Ram
44:12 Siege Ram
ABCD
11:31 Feudal Age
15:12 Castle Age
13:07 Gold Mining
17:54 Redemption
18:19 Redemption
18:24 Fervor
18:43 Sanctity
27:03 Horse Collar
29:00 Heavy Plow
29:12 Stone Mining
30:09 Wheelbarrow
37:09 Imperial Age
36:40 Hand Cart
40:44 Crop Rotation
40:56 Forging
40:47 Scale Mail Armor
41:15 Pikeman
41:57 Squires
41:44 Arson
42:43 Iron Casting
42:35 Halberdier
44:34 Conscription
45:48 Chain Mail Armor
46:34 Blast Furnace
Oo_Lay_Gyi
10:41 Feudal Age
14:33 Castle Age
12:47 Double-Bit Axe
13:02 Horse Collar
15:46 Bow Saw
15:41 Heavy Plow
16:04 Loom
19:30 Wheelbarrow
20:12 Corvinian Army
20:59 Scale Barding Armor
21:22 Scale Barding Armor
24:07 Gold Mining
24:08 Stone Mining
31:37 Imperial Age
29:48 Chain Barding Armor
31:25 Hand Cart
30:56 Town Watch
33:19 Plate Barding Armor
33:21 Conscription
32:32 Sappers
34:18 Gold Shaft Mining
33:52 Husbandry
34:02 Bloodlines
33:13 Cavalier
35:55 Town Patrol
35:27 Paladin
36:45 Fletching
37:36 Bodkin Arrow
37:41 Padded Archer Armor
38:57 Chemistry
38:41 Bracer
39:01 Siege Engineers
TheEel
12:30 Feudal Age
13:24 Horse Collar
13:30 Double-Bit Axe
16:17 Castle Age
16:57 Heavy Plow
17:10 Bow Saw
21:08 Wheelbarrow
22:13 Loom
22:47 Hand Cart
24:15 Gold Mining
25:00 Fletching
29:49 Imperial Age
28:45 Bodkin Arrow
28:52 Padded Archer Armor
29:24 Ballistics
28:37 Crossbowman
31:02 Conscription
30:54 Siege Engineers
31:36 Hoardings
31:47 Bracer
32:34 Masonry
32:45 Leather Archer Armor
32:47 Warwolf
34:02 Ring Archer Armor
35:08 Scale Mail Armor
35:19 Forging
35:12 Squires
35:54 Gold Shaft Mining
36:26 Two-Man Saw
35:04 Pikeman
35:15 Arbalester
36:57 Chemistry
36:30 Architecture
37:39 Elite Longbowman
39:01 Chain Mail Armor
39:22 Iron Casting
40:14 Yeomen
39:47 Halberdier
42:01 Plate Mail Armor
42:31 Blast Furnace
Connection lost

Rejoining the realm…

Still unreachable

The connection could not be restored.

Session expired

The server has moved on; the page needs a fresh start.